 Dungeon Crawl Stone Soup version bcrawl-1.12-11-gb93c957c58 (console) character file.

Game seed: 11264807055205099468

118 Lexodia the Shooter (level 4, -8/40 HPs)
             Began as a Centaur Archaeologist on July 3, 2019.
             Mangled by a hornet (14 damage)
             ... on level 5 of the Dungeon.
             The game lasted 00:08:23 (3741 turns).

Lexodia the Shooter (Centaur Archaeologist)         Turns: 3741, Time: 00:08:24

Health: -8/40      AC: 10    Str: 12 (15) XL:     4   Next: 72%
Magic:  4/4        EV: 10    Int:  9 (11) God:
Gold:   200        SH:  0    Dex:  7 (9)  Spells: 3/3 levels left

rFire    . . .     SeeInvis .   o - +1 short sword
rCold    . . .     Gourm    .   (no shield)
rNeg     . . .     Faith    .   a - +1 robe
rPois    .         Spirit   .   b - +1 hat
rElec    .         Reflect  .   t - +0 cloak
rCorr    .         Harm     .   c - +2 pair of gloves {archery}
MR       .....                  (no barding)
Stlth    +.........             s - amulet of inaccuracy (curse)
HPRegen  0.13/turn              (no ring)
MPRegen  0.09/turn              (no ring)

@: lethally poisoned (-8 -> -15), slowed, studying Bows
A: large, claws 1, hooves 3, agile 1, deformed body, deterioration 1, dopey 1,
speed 2, tough skin 3
a: no special abilities


You were on level 5 of the Dungeon.
You were very hungry.

You visited 1 branch of the dungeon, and saw 5 of its levels.

You collected 200 gold pieces.

Inventory:

Hand Weapons
 o - a +1 short sword (weapon)
Missiles
 n - 197 arrows
Armour
 a - a +1 robe (worn)
 b - a +1 hat (worn)
 c - a +2 pair of gloves of archery (worn)
 r - a +0 buckler
 t - a +0 cloak (worn)
Jewellery
 s - a cursed amulet of inaccuracy (around neck)
Wands
 p - a wand of acid (3)
Scrolls
 v - 2 scrolls of identify
Potions
 h - a potion of brilliance
 i - 4 potions of magic
 m - 2 potions of degeneration
Books
 e - a manual of Bows
Miscellaneous
 f - an ancient crate
Comestibles
 g - 6 rations {!d}


   Skills:
 + Level 3.8 Fighting
 * Level 4.7 Bows
 - Level 2.1 Dodging
 - Level 2.0 Stealth


You had 3 spell levels left.
You didn't know any spells.
Your spell library was empty.

Dungeon Overview and Level Annotations

Branches:
Dungeon (5/12)
 Temple: D:4-7

Altars:
Ashenzari

Annotations:
D:4 Dowan, Duvessa, Robin


Innate Abilities, Weirdness & Mutations

You have hooves in place of feet.
Armour fits poorly on your strangely shaped body.
You cover ground very quickly.
You have extremely tough skin. (AC +3)
You have sharp fingernails.
You are agile. (Dex +2)
Your body sometimes deteriorates upon taking damage.
You are dopey. (Int -2)


Message History

* * * LOW HITPOINT WARNING * * *
You are lethally poisoned!
You feel yourself slow down. The orc priest closely misses you.
The orc priest hits you but does no damage.
You are feeling very hungry.
You miss the orc priest.
You feel sick. The hornet stings you!
* * * LOW HITPOINT WARNING * * *
Your body deteriorates!
You feel weakened.
You feel as though you will be slow longer.
The hornet stings you but does no damage.
The orc priest barely misses you.
The orc priest hits you but does no damage.
The hornet barely misses you.
Sorry, you're not good enough to have a special ability.
Unknown command.
You closely miss the orc priest.
You feel less invigorated.
You feel less confused.
* * * LOW HITPOINT WARNING * * *
You feel sick. The hornet stings you!
You die...

#.....# #########.##..#
#.. #.a...........##...
#.###.....###..... ..
##.#####_#####...# . .
#..###.....###...# .# ..
#.........ah...#.# .#...
#.#########y#....# ......
#.........o@.....##......
###########o##.#.........
#.####.........
###..(a.)......
#.....?o...... #.
##............#..
#..#####.##......
#..#####..# #...#
##..#...#.####...#


You could see a hornet, a howler monkey, a worker ant and 2 orc priests.

Vanquished Creatures
  An orc wizard (D:4)
  3 adders (D:3)
  2 oozes
  2 worms (D:2)
  2 dart slugs
  3 leopard geckos
  An orc (D:4)
  2 goblins (D:1)
  2 hobgoblins (D:1)
  8 jackals
  4 kobolds
  A quokka (D:3)
  4 bats (D:1)
  4 frilled lizards
  3 rats
42 creatures vanquished.

Notes
Turn   | Place    | Note
-------+----------+-------------------------------------------
     0 | D:1      | Lexodia the Centaur Archaeologist began the quest for the
                  | Orb.
     0 | D:1      | Reached XP level 1. HP: 16/16 MP: 1/1
    72 | D:1      | Reached XP level 2. HP: 20/24 MP: 2/2
  1159 | D:3      | Reached XP level 3. HP: 20/31 MP: 3/3
  1592 | D:3      | Reached skill level 1 in Bows
  1853 | D:3      | Reached skill level 2 in Bows
  2285 | D:4      | Noticed Duvessa
  2285 | D:4      | Noticed Dowan
  2285 | D:4      | Noticed Robin
  2368 | D:2      | Reached skill level 3 in Bows
  2368 | D:2      | Reached XP level 4. HP: 37/38 MP: 4/4
  3451 | D:5      | Entered Level 5 of the Dungeon
  3474 | D:4      | Gained mutation: Your body sometimes deteriorates upon
                  | taking damage. [potion of mutation]
  3474 | D:4      | Gained mutation: You are agile. (Dex +2) [potion of
                  | mutation]
  3474 | D:4      | Gained mutation: You are dopey. (Int -2) [potion of
                  | mutation]
  3474 | D:4      | Gained mutation: You have sharp fingernails. [potion of
                  | mutation]
  3499 | D:4      | Reached skill level 4 in Bows
  3704 | D:5      | Noticed a hornet
  3708 | D:5      | Found a shattered altar of Ashenzari.
  3740 | D:5      | HP: 1/40 [hornet (11)]
  3741 | D:5      | Mangled by a hornet

Skill      XL: |  1  2  3  4 |
---------------+-------------+-----
Fighting       | 2 3 |  3.8
Bows           | 3 4 |  4.7
Dodging        | |  2.1
Stealth        | |  2.0

Action                   |  1- 3 |  4- 6 || total
-------------------------+-------+-------++-------
Melee: Unarmed           |    94 |       ||    94
       Kick              |    21 |    14 ||    35
       Short sword       |    93 |   107 ||   200
Throw: Throwing net      |       |     3 ||     3
  Use: Potion            |     5 |     6 ||    11
       Scroll            |     4 |     1 ||     5
 Stab: Sleeping          |     1 |       ||     1
  Eat: Chunk             |     2 |     4 ||     6
Armor: Robe              |    89 |    67 ||   156
       Skin              |     2 |       ||     2
Dodge: Dodged            |   118 |    78 ||   196
